 Dungeon Crawl Stone Soup version 0.25.0-1-g7eea58d (webtiles) character file.

Game seed: 553625089960045285

5 poiuyt0418 the Skirmisher (level 1, -7/23 HPs)
             Began as a Gnoll Abyssal Knight on June 14, 2020.
             Was a Follower of Lugonu.
             Mangled by a sixfirhy (11 damage)
             ... on level 1 of the Abyss.
             The game lasted 00:00:16 (92 turns).

poiuyt0418 the Skirmisher (Gnoll Abyssal Knight)      Turns: 92, Time: 00:00:17

Health: -7/23      AC:  3    Str: 14    XL:     1   Next: 80%
Magic:  3/3        EV: 12    Int: 14    God:    Lugonu [*.....]
Gold:   0          SH:  0    Dex: 14    Spells: 0/0 levels left

rFire    . . .     SeeInvis .   a - +1 falchion
rCold    . . .     Gourm    .   (no shield)
rNeg     . . .     Faith    .   b - +0 leather armour
rPois    .         Spirit   .   (no helmet)
rElec    .         Reflect  .   (no cloak)
rCorr    .         Harm     .   (no gloves)
MR       .....                  (no boots)
Stlth    +.........             (no amulet)
HPRegen  0.07/turn              (no ring)
MPRegen  0.08/turn              (no ring)

@: no status effects
A: distributed training, fangs 1, strong nose
a: Depart the Abyss, Renounce Religion


You were on level 1 of the Abyss.
You worshipped Lugonu.
Lugonu was aware of your devotion.
You were not hungry.

You visited 0 branches of the dungeon, and saw 0 of its levels.
You visited the Abyss 1 time.

Inventory:

Hand Weapons
 a - a +1 falchion (weapon)
Armour
 b - a +0 leather armour (worn)
Scrolls
 d - a scroll of remove curse {unknown}
Comestibles
 c - a ration


   Skills:
 + Level 6.4 Fighting
 + Level 0.1 Short Blades
 + Level 4.4 Long Blades
 + Level 0.1 Axes
 + Level 0.1 Maces & Flails
 + Level 0.1 Polearms
 + Level 0.1 Staves
 + Level 0.1 Slings
 + Level 0.1 Bows
 + Level 0.1 Crossbows
 + Level 0.1 Throwing
 + Level 4.4 Armour
 + Level 2.4 Dodging
 + Level 0.1 Stealth
 + Level 0.1 Shields
 + Level 0.1 Unarmed Combat
 + Level 0.1 Spellcasting
 + Level 0.1 Conjurations
 + Level 0.1 Hexes
 + Level 0.1 Charms
 + Level 0.1 Summonings
 + Level 0.1 Necromancy
 + Level 0.1 Translocations
 + Level 0.1 Transmutations
 + Level 0.1 Fire Magic
 + Level 0.1 Ice Magic
 + Level 0.1 Air Magic
 + Level 0.1 Earth Magic
 + Level 0.1 Poison Magic
 + Level 4.4 Invocations
 + Level 0.1 Evocations


You couldn't memorise any spells.
You didn't know any spells.
Your spell library was empty.

Dungeon Overview and Level Annotations

Branches:
Dungeon (0/15)

Altars:


Innate Abilities, Weirdness & Mutations

Your experience applies equally to all skills.
You have very sharp teeth.
Your uncanny sense of smell can sniff out nearby items.


Message History

Unknown command.
Unknown command.
An ufetubus comes into view.
The ufetubus shouts!
The ufetubus barely misses you. The ufetubus completely misses you.
Found a scroll labeled BOAXKI ISIBATA.
You hit the ufetubus.
The ufetubus is severely wounded.
The ufetubus closely misses you.
The ufetubus hits you but does no damage.
You miss the ufetubus.
The ufetubus is severely wounded.
The ufetubus closely misses you.
You riposte.
You hit the ufetubus.
You kill the ufetubus!
d - a scroll labeled BOAXKI ISIBATA A sixfirhy comes into view.
The sixfirhy hits you. The sixfirhy shocks you! The sixfirhy hits you!
* * * LOW HITPOINT WARNING * * *
The sixfirhy shocks you!
You die...

# .#....#...#
#. ##.##.#.#..#
# . #
..#....###..# #
#...#. ##. ##
###
###.###.######
#..
####..##.#..#.#
. ..#.##
.##.#...# # #.
#....#..##.#
.##. . ..
.##.@..#∆ . . .
..#. #..#.3##
.. #. #
..#..#.#....#
##. #....
###.....#
##...#. ..#.
##.#.#...# #)#.
#..###...
...##.. .. # #.
. # ##. ..#. .
_#.. .#.# .#
.##.. # . . #.
##


You could see a sixfirhy.

Vanquished Creatures
  An ufetubus (Abyss:1)
1 creature vanquished.

Notes
Turn   | Place    | Note
-------+----------+-------------------------------------------
     0 | Abyss:1  | poiuyt0418 the Gnoll Abyssal Knight began the quest for the
                  | Orb.
     0 | Abyss:1  | Reached XP level 1. HP: 23/23 MP: 3/3
    30 | Abyss:1  | Found a burning altar of Makhleb.
    89 | Abyss:1  | Noticed a sixfirhy
    92 | Abyss:1  | Mangled by a sixfirhy

Illustrated notes

Levels and vault maps discovered:
Abyss:1:  evilmike_abyss_exit_9, evilmike_abyss_exit_12

Action                   || total
-------------------------++-------
Melee: Falchion          ||     2
Armor: Leather armour    ||     1
Dodge: Dodged            ||     4
       Rpst.: Falchion   ||     1
